Map: 2000 Atmospheres LE

Players

Icyeye

  • Race: Zerg Zerg
  • League: Master

Nomad - Winner!

  • Race: Zerg Zerg
  • League: Master

VOD

Have the link to the VOD?

Description

Time

  • Played on: Oct. 9, 2021, 9:16 a.m.
  • Length: 6:11
Show
View Real Time Build Order
Export as new Build Order

Icyeye Zerg 

Build Orders: Hatch First 

Get SALT Encoding   

  12  0:00  Drone  
  13  0:13  Overlord  
  13  0:17  Drone  
  14  0:31  Drone x2  
  16  0:50  Hatchery  
  16  0:52  Drone  
  16  1:00  Drone x2  
  18  1:15  Spawning Pool, Extractor  
  18  1:17  Drone  
  17  1:20  Drone  
  18  1:28  Drone  
  19  1:41  Drone  
  20  1:53  Overlord  
  20  2:02  Queen x2  
  20  2:03  Zergling x4  
  26  2:12  Drone  
  26  2:13  Drone  
  28  2:20  Metabolic Boost  
  28  2:27  Drone x2  
  30  2:40  Hatchery  
  30  2:42  Drone x2  
  31  2:48  Overlord  
  31  2:51  Drone  
  32  3:00  Drone x2  
  34  3:06  Drone  
  34  3:11  Drone  
  36  3:13  Drone x4  
  36  3:14  Drone x2  
  42  3:25  Spine Crawler  
  41  3:29  Roach Warren  
  39  3:35  Evolution Chamber  
  39  3:38  Drone x4, Extractor  
  39  3:40  Roach Warren  
  40  3:49  Overlord  
  40  3:50  Queen  
  42  3:56  Overlord  
  42  4:10  Drone x2  
  42  4:11  Overlord  
  42  4:16  Queen  
  46  4:20  Roach x5  
  46  4:23  Drone  
  57  4:26  Drone x4  
  60  4:36  Roach x2  
  64  4:39  Drone x2  
  64  4:41  Extractor  
  65  4:50  Queen x2  
  65  4:51  Roach x2  
  73  4:53  Overlord x2  
  73  5:03  Overlord x2  
  73  5:09  Overlord  
  73  5:10  Overlord  
  73  5:11  Roach  
  73  5:13  Roach  
  77  5:20  Roach x3  
  79  5:30  Roach x3  
  77  5:37  Roach x3  
  77  5:40  Roach  
  77  5:45  Roach  
  77  5:49  Roach x2  
  75  5:54  Zergling x12  
Show
View Real Time Build Order
Export as new Build Order

Nomad Zerg - Winner!

Build Orders: 2 Base Roach Timing, Hatch First 

Get SALT Encoding   

  12  0:00  Drone  
  13  0:12  Overlord  
  13  0:17  Drone  
  14  0:31  Drone x2  
  16  0:48  Hatchery  
  15  0:51  Drone  
  15  0:53  Drone  
  17  0:57  Drone  
  18  1:07  Extractor  
  17  1:13  Spawning Pool  
  17  1:15  Drone  
  17  1:19  Drone  
  18  1:29  Drone  
  19  1:39  Drone  
  20  1:50  Overlord  
  20  2:00  Queen x2  
  20  2:01  Drone x2  
  26  2:11  Drone  
  26  2:12  Drone  
  28  2:22  Drone x2  
  30  2:33  Drone  
  30  2:34  Drone  
  30  2:36  Queen  
  34  2:39  Lair  
  34  2:43  Overlord  
  34  2:44  Evolution Chamber  
  33  2:52  Roach Warren  
  33  2:55  Drone x3  
  35  3:08  Drone x4  
  35  3:09  Drone  
  35  3:10  Overlord  
  40  3:17  Zerg Missile Weapons Level 1  
  40  3:20  Extractor  
  40  3:22  Drone x2, Extractor  
  40  3:23  Drone  
  41  3:31  Drone x2  
  43  3:38  Overlord  
  43  3:40  Overlord  
  43  3:46  Glial Reconstitution  
  43  3:49  Roach  
  43  3:50  Roach x2  
  43  3:52  Roach  
  43  3:53  Overlord  
  55  4:02  Roach  
  55  4:03  Roach x2  
  55  4:09  Roach x2  
  61  4:14  Roach  
  63  4:22  Roach  
  65  4:25  Roach x3  
  65  4:27  Roach  
  73  4:35  Roach  
  73  4:37  Overlord x2  
  75  4:47  Overlord  
  75  4:56  Roach x2  
  75  4:57  Roach x5  
  93  5:07  Roach x2  
  93  5:11  Overlord x2  
  93  5:28  Roach x3  
  99  5:32  Roach  
  99  5:33  Roach  
  99  5:34  Roach  
  101  5:40  Roach  
  101  5:41  Roach  
  101  5:45  Roach  
  101  5:47  Roach  
  101  5:51  Roach  
Tags
 
Add a new tag
Caveats
  • Supply blocks, unpowered buildings, or Contaminate may cause inaccurate times.
  • Supply counts are checked every 10 seconds.